 Dungeon Crawl Stone Soup version 0.28-a0-312-gbced6e68ee (webtiles) character file.

Game seed: 14191813366370545683

48 Shayle the Insei (level 4, -3/34 HPs)
             Began as a Djinni Warper on Aug 31, 2021.
             Slain by a wight (8 damage)
             ... on level 3 of the Dungeon.
             The game lasted 00:03:27 (3274 turns).

Shayle the Insei (Djinni Warper)                    Turns: 3274, Time: 00:03:27

Health: -3/34      AC:  3    Str: 10    XL:     4   Next: 0%
Gold:   80         EV: 11    Int: 15    God:
                   SH:  0    Dex: 13

rFire   + + .      SeeInvis .     - Unarmed
rCold   x . .      Faith    .   (no shield)
rNeg    . . .      Spirit   .   a - +0 leather armour
rPois   ∞          Reflect  .   (no helmet)
rElec   .          Harm     .   (no cloak)
rCorr   .          Rampage  .   (no gloves)
Will    .....                   (boots unavailable)
Stlth   +.........              (no amulet)
HPRegen 0.11/turn               (no ring)
MPRegen 0.00/turn               (no ring)

@: flying
A: sickness immunity, fire resistance 2, cold vulnerability 1, float, innate
caster, hp casting, extra vitality 1
a: no special abilities


You were on level 3 of the Dungeon.
You visited 1 branch of the dungeon, and saw 3 of its levels.

You collected 80 gold pieces.

Inventory:

Missiles
 c - 5 boomerangs of dispersal (quivered)
Armour
 a - a +0 leather armour (worn)
Scrolls
 b - a scroll of blinking
 f - 2 scrolls of summoning {unknown}
 g - a scroll of identify {unknown}
Potions
 d - 2 potions of curing {unknown}
 e - 2 potions of mutation {unknown}


   Skills:
 + Level 2.7 Fighting
 - Level 0.7 Throwing
 - Level 1.0 Armour
 - Level 2.1 Dodging
 * Level 3.4 Unarmed Combat
 - Level 2.4 Spellcasting


You couldn't memorise any spells.
You knew the following spells:

 Your Spells              Type           Power      Damage    Failure   Level
a - Blink                 Tloc           N/A        N/A       16%         2
b - Lesser Beckoning      Tloc           9%         N/A       32%         3
c - Gell's Gravitas       Tloc           4%         N/A       32%         3
d - Teleport Other        Tloc           9%         N/A       32%         3
e - Manifold Assault      Tloc           9%         N/A       96%         5
f - Pain                  Necr           36%        1d5       11%         1
Your spell library was empty.

Dungeon Overview and Level Annotations

Branches:
Dungeon (3/15)

Altars:
Qazlal

Shops:
D:1 [


Innate Abilities, Weirdness & Mutations

You are immune to sickness and miasma.
You are immune to poison.
Your flesh is very heat resistant. (rF++)
You are vulnerable to cold. (rC-)
You float through the air rather than walking.
You learn spells naturally, not from books.
Your magical power is your life essence.
You have superior vitality. (+4 HP)


Message History

The slug dart misses you.
You hit the dart slug.
You kill the dart slug!
You have reached level 4!
You feel agile.
A wight comes into view. It is wielding a +0 spear.
The wight hits you from afar with a +0 spear.
The wight closely misses you.
You closely miss the wight. The wight closely misses you.
You hit the wight but do no damage. The wight barely misses you.
You hit the wight but do no damage. The wight hits you with a +0 spear.
You hit the wight.
The wight is lightly damaged.
The wight hits you but does no damage.
You hit the wight but do no damage.
The wight is lightly damaged.
The wight hits you with a +0 spear.
You hit the wight but do no damage.
The wight is lightly damaged.
The wight barely misses you.
You hit the wight.
The wight is moderately damaged.
The wight hits you with a +0 spear.
You barely miss the wight.
The wight is moderately damaged.
The wight hits you with a +0 spear!
You hit the wight.
The wight is moderately damaged.
The wight hits you with a +0 spear.
You hit the wight but do no damage.
The wight is moderately damaged.
The wight barely misses you.
You barely miss the wight.
The wight is moderately damaged.
The wight hits you with a +0 spear!
* * * LOW HITPOINT WARNING * * *
You barely miss the wight.
The wight is moderately damaged.
The wight hits you with a +0 spear!
You die...

#.# #.# #.# #.#
#.# ### #.#
.....##.#########
#.....z@.....#
###########.(#
#..# #<.# #..#
#..# ...# .##.# #
#..


You could see a wight.

Vanquished Creatures
  A worm (D:2)
  4 dart slugs
  3 ball pythons (D:2)
  5 endoplasms
  A giant cockroach (D:1)
  3 goblins
  4 hobgoblins
  2 quokkas
  A bat (D:1)
  4 frilled lizards
  4 kobolds
  3 rats (D:1)
35 creatures vanquished.

Notes
Turn   | Place    | Note
-------+----------+-------------------------------------------
     0 | D:1      | Shayle the Djinni Warper began the quest for the Orb.
     0 | D:1      | Reached XP level 1. HP: 18/18 MP: 0/0
   444 | D:1      | Reached XP level 2. HP: 8/23 MP: 0/0
   655 | D:1      | Found Zar Hepp's Armour Boutique.
  1514 | D:1      | Found a faded altar of an unknown god.
  1580 | D:1      | Reached XP level 3. HP: 29/29 MP: 0/0
  1580 | D:1      | Learned a level 1 spell: Pain
  1797 | D:1      | Reached skill level 3 in Unarmed Combat
  2882 | D:2      | Found a stormy altar of Qazlal.
  3245 | D:3      | Reached XP level 4. HP: 34/34 MP: 0/0
  3274 | D:3      | Slain by a wight

Illustrated notes

Levels and vault maps discovered:
D:1:      mushboom_english_gardens, layout_loops_ring,
          hellmonk_ecumenical_altar_inner_sanctum, serial_shops, shop_coins
D:2:      layout_loops_corners, basic_altar
D:3:      layout_loops_ring, nicolae_wu_jian_immortal_techniques,
          palyth_stone_intersect, minmay_joined_circles

Skill      XL: |  1  2  3 |
---------------+----------+-----
Unarmed Combat | 3 |  3.4
Fighting       | |  2.7
Throwing       | |  0.7
Armour         | |  1.0
Dodging        | |  2.1
Spellcasting   | |  2.4

Action                   |  1- 3 |  4- 6 || total
-------------------------+-------+-------++-------
Melee: Unarmed           |   162 |    12 ||   174
       Punch             |     1 |       ||     1
 Stab: Sleeping          |     1 |       ||     1
Armor: Leather armour    |    29 |     1 ||    30
Dodge: Dodged            |    80 |     5 ||    85

Table legend: (Time is in decaauts)
 A = Elapsed time spent in this place.
 B = Non-inter-level travel time spent in this place.
 C = Inter-level travel time spent in this place.
 D = Time resting spent in this place.
 E = Time spent auto-exploring this place.
 F = Levels seen in this place.
 G = Mean time per level.
                   A        B        C        D        E       F      G
               +--------+--------+--------+--------+--------+-----+--------+
         Total |   3264 |   3223 |     41 |    483 |   2335 |   3 | 1088.0 |
       Dungeon |   3264 |   3223 |     41 |    483 |   2335 |   3 | 1088.0 |
               +--------+--------+--------+--------+--------+-----+--------+

Top non-repeatable levels by time:
     D:1: 1879 daAuts
     D:2: 1353 daAuts
     D:3: 32 daAuts
